 Dungeon Crawl Stone Soup version 0.29.0 (webtiles) character file.

Game seed: 7798457693381762640

1 brinewave the Stinger (level 1, -2/15 HPs)
             Began as a Naga Venom Mage on Sept 10, 2022.
             Slain by a hobgoblin (4 damage)
             ... on level 1 of the Dungeon.
             The game lasted 00:00:22 (15 turns).

brinewave the Stinger (Naga Venom Mage)               Turns: 15, Time: 00:00:22

Health: -2/15      AC:  1    Str: 10    XL:     1   Next: 20%
Magic:  0/3        EV:  9    Int: 15    God:
Gold:   12         SH:  0    Dex: 11    Spells: 3/4 levels left

rFire   . . .      SeeInvis +   (no weapon)
rCold   . . .      Faith    .   (no shield)
rNeg    . . .      Spirit   .   a - +0 robe
rPois   +          Reflect  .   (no helmet)
rElec   .          Harm     .   (no cloak)
rCorr   .          Rampage  .   (no gloves)
Will    .....                   (no barding)
Stlth   ++........              (no amulet)
HPRegen 0.05/turn               (no ring)
MPRegen 0.08/turn               (no ring)

@: very slow
A: AC +0, large, see invisible, deformed body, poison resistance, slowness 2,
spit poison 1, naga tail 1
a: Spit Poison


You were on level 1 of the Dungeon.
You visited 1 branch of the dungeon, and saw 1 of its levels.

You collected 12 gold pieces.

Inventory:

Armour
 a - a +0 robe (worn)
Potions
 b - a potion of magic


   Skills:
 - Level 1.5 Dodging
 - Level 3.0 Stealth
 + Level 2.0 Spellcasting
 + Level 1.0 Transmutations
 + Level 4.0 Poison Magic


You had 3 spell levels left.
You knew the following spells:

 Your Spells              Type           Power      Damage    Failure   Level
a - Sting                 Tmut/Pois      36%        1d4       8%          1

Your spell library contained the following spells:

 Spells                   Type           Power      Damage    Failure   Level
 Poisonous Vapours        Pois/Air       14%        N/A       14%         2
 Mephitic Cloud           Conj/Pois/Air  5%         N/A       36%         3
 Olgreb's Toxic Radiance  Pois           13%        N/A       38%         4


Dungeon Overview and Level Annotations

Branches:
Dungeon (1/15)

Altars:


Innate Abilities, Weirdness & Mutations

Your serpentine skin is tough. (AC +0)
You have supernaturally acute eyesight. (SInv)
Armour fits poorly on your strangely shaped body.
Your system is resistant to poisons. (rPois)
You cover ground very slowly.
You can spit poison.
You have a snake-like lower body.


Message History

There is an open door here.
You open the door.
A sourceless malevolence fills the Dungeon... and a teleportation trap spontaneously manifests!
You are yanked towards a nearby monster!
Your surroundings suddenly seem different.
A quokka comes into view.
Found 29 gold pieces, a coppery potion and a ring mail.
Found a faded altar of an unknown god.
A hobgoblin comes into view.
Aiming: Sting (safe; 8% risk of failure)
Press: ? - help, Q - select action, (/) - cycle Shift-Dir - straight line, f - quokka
Aim: a quokka (asleep, 100% to hit)
The sting hits the quokka.
The quokka is poisoned.
The quokka is heavily wounded.
Aiming: Sting (safe; 8% risk of failure)
Press: ? - help, Q - select action, (/) - cycle Shift-Dir - straight line, f/p - quokka
Aim: a quokka (heavily wounded, poisoned, 56% to hit)
The sting misses the quokka.
The quokka bites you.
Unknown command.
You barely miss the quokka.
The quokka is heavily wounded.
The quokka barely misses you. x2
Aiming: Sting (safe; 8% risk of failure)
Press: ? - help, Q - select action, (/) - cycle Shift-Dir - straight line, f/p - quokka
Aim: a quokka (heavily wounded, poisoned, 56% to hit)
The sting hits the quokka.
The quokka looks even sicker.
The quokka is almost dead.
The hobgoblin shouts!
The quokka bites you.
A rat comes into view.
The hobgoblin attacks as you move away! The hobgoblin hits you.
The quokka attacks as you move away! The quokka bites you.
* * * LOW HITPOINT WARNING * * *
You kill the quokka!
You don't have enough magic to cast this spell.
You don't have enough magic to cast this spell.
The hobgoblin attacks as you move away! The hobgoblin barely misses you.
The hobgoblin hits you.
You die...

#.....!...≈§..§
....$....≈§§..§
##.§.≈≈...
#.§..§.≈≈§
###†≈≈≈≈≈≈≈.
#.....§§≈_.≈
##+##.#§≈§§≈≈≈≈.
#...g$..≈§.≈§§§≈
#..@[..#§§.≈≈.§.
...........#.§≈≈rr..
.####......#...≈...
########....§≈≈ .


You could see a hobgoblin.

Vanquished Creatures
  A quokka (D:1)
1 creature vanquished.

Notes
Turn   | Place    | Note
-------+----------+-------------------------------------------
     0 | D:1      | brinewave the Naga Venom Mage began the quest for the Orb.
     0 | D:1      | Reached XP level 1. HP: 15/15 MP: 3/3
     5 | D:1      | Found a faded altar of an unknown god.
    15 | D:1      | Slain by a hobgoblin

Illustrated notes

Levels and vault maps discovered:
D:1:      minmay_arrival_doors, layout_basic,
          shapermc_ecumenical_altar_starsandcircs, hangedman_decor_growths

Action                   || total
-------------------------++-------
Melee: Unarmed           ||     1
 Cast: Sting             ||     3
Dodge: Dodged            ||     3
